 Dungeon Crawl Stone Soup version 0.20-a0-623-gaf3b657 (webtiles) character file.

693 Kokiki the Covered (level 7, 0/55 HPs)
             Began as a Barachian Fighter on Feb 10, 2017.
             Was an Initiate of Okawaru.
             Slain by a vampire (4 damage)
             ... on level 5 of the Dungeon.
             The game lasted 00:17:15 (4590 turns).

Kokiki the Covered (Barachian Fighter)              Turns: 4590, Time: 00:17:15

Health: 0/55       AC: 13    Str: 16    XL:     7   Next: 64%
Magic:  7/7        EV:  3    Int:  7    God:    Okawaru [......]
Gold:   165        SH: 10    Dex: 20    Spells: 6/6 levels left

rFire    . . .     SeeInvis .   a - +0 trident
rCold    . . .     Gourm    .   q - +0 plate armour
rNeg     . . .     Faith    +   c - +0 shield
rPois    .         Spirit   .   (no helmet)
rElec    .         Reflect  .   s - +0 cloak
rCorr    .         Harm     .   (no gloves)
MR       .....                  (no boots)
Stlth    ..........             e - amulet of faith
Regen    0.2/turn               n - +6 ring of dexterity
                                i - +4 ring of dexterity

@: can't hop, slow
A: swims, slowness 1, strong legs 1
a: Hop, Renounce Religion


You were on level 5 of the Dungeon.
You worshipped Okawaru.
Okawaru was noncommittal.
You were not hungry.

You visited 2 branches of the dungeon, and saw 6 of its levels.
You also visited: Sewer.

You collected 165 gold pieces.

Inventory:

Hand Weapons
 a - a +0 trident (weapon)
 y - a +0 shortbow
Missiles
 j - 17 poisoned needles
 k - 6 tomahawks (quivered)
 A - 11 arrows
Armour
 c - a +0 shield (worn)
 q - a +0 plate armour (worn)
 s - a +0 cloak (worn)
Jewellery
 e - an amulet of faith (around neck)
 i - a +4 ring of dexterity (left hand)
 n - a +6 ring of dexterity (right hand)
 x - an uncursed ring of poison resistance
Scrolls
 l - a scroll of recharging
 p - a scroll of amnesia {unknown}
 r - a scroll of fog {unknown}
 t - a scroll of remove curse
 w - a scroll of fear
Potions
 b - 2 potions of heal wounds
 d - 2 potions of brilliance
 m - 4 potions of flight
 u - 2 potions of curing {unknown}
 v - 2 potions of might
Comestibles
 f - 3 bread rations
 g - 2 royal jellies
 h - 2 meat rations
 z - 2 chunks of flesh


   Skills:
 + Level 4.9 Fighting
 + Level 4.9 Polearms
 + Level 5.1 Armour
 - Level 0.4 Dodging
 - Level 0.2 Stealth
 + Level 4.8 Shields


You had 6 spell levels left.
You didn't know any spells.

Dungeon Overview and Level Annotations

Branches:
Dungeon (5/15)             Temple (1/1) D:5

Altars:
Ashenzari
Cheibriados
Dithmenos
Elyvilon
Fedhas
Gozag
Hepliaklqana
Makhleb
Okawaru
Trog
Uskayaw
Vehumet
Yredelemnul
The Shining One

Shops:
D:5 [


Innate Abilities, Weirdness & Mutations

You can swim through water.
You cover ground slowly.
You can hop short distances.


Message History

You bump into the crystal wall.
The vampire casts a spell.
The vampire flickers and vanishes!
Deactivating autopickup; reactivate with Ctrl-A.
You feel less confused.
Your legs are too worn out to hop.
Something hits you but does no damage. You block something's attack.
Your legs are too worn out to hop.
There is a stone staircase leading down, spattered with blood here.
Something hits you but does no damage. You block something's attack.
Something hits you!
* * * LOW HITPOINT WARNING * * *
Something bites you but does no damage.
You see here an uncursed ring of stealth.
Okay, then.
You hit something. Something hits you.
* * * LOW HITPOINT WARNING * * *
Something bites you but does no damage. Something hits you.
You die...

##(....######.##.## #.# #.....##
#.....# # #.#
#.##.########.....##.# #.#
#...............>....# #.#
#..#.#.#.#.#......##########.#
##.............=..# #.......#
##.#......[#.##.### #.####..##
#............##.# #.# ##.#.#
#..#...>...#..@.# #.###.###.
#................######.##.## ##
+...#.......#...(...........###.
#............?...#########.#.#.#
##..#.#.#.#.#.#..# #.##.##
##...........##.# #.####
##......#####...# #.# ##+#####
....# #.# #....# #.#


There were no monsters in sight!

Vanquished Creatures
  A centaur (D:4)
  2 big kobolds (Sewer)
  4 orc wizards
  2 worker ants
  A hound zombie (D:5)
  2 hound skeletons
  3 river rats (Sewer)
  11 adders
  2 oozes
  An adder skeleton (D:4)
  A worm (D:2)
  3 dart slugs
  2 leopard geckos
  10 orcs
  9 ball pythons
  6 bats
  5 giant cockroaches
  2 goblins
  12 hobgoblins
  6 jackals (D:1)
  4 quokkas
  6 frilled lizards
  22 kobolds
  24 rats
141 creatures vanquished.

Notes
Turn   | Place    | Note
-------+----------+-------------------------------------------
     0 | D:1      | Kokiki the Barachian Fighter began the quest for the Orb.
     0 | D:1      | Reached XP level 1. HP: 18/18 MP: 1/1
   363 | D:1      | Reached XP level 2. HP: 24/24 MP: 2/2
   749 | D:1      | Reached XP level 3. HP: 27/30 MP: 3/3
  1526 | D:2      | Reached XP level 4. HP: 37/37 MP: 4/4
  1862 | D:3      | Found a white marble altar of Elyvilon.
  2124 | D:3      | Found a hazy altar of Hepliaklqana.
  2145 | D:3      | Reached skill level 4 in Armour
  2156 | D:3      | Reached XP level 5. HP: 16/42 MP: 5/5
  2974 | D:4      | Found a glowing drain.
  3012 | D:4      | Reached XP level 6. HP: 29/49 MP: 6/6
  3051 | Sewer    | Entered a sewer
  3316 | Sewer    | Reached XP level 7. HP: 26/55 MP: 7/7
  4153 | D:5      | Entered Level 5 of the Dungeon
  4200 | D:5      | Noticed a vampire
  4240 | D:5      | Found Zugog's Antique Armour Shop.
  4357 | D:5      | Reached skill level 5 in Armour
  4437 | D:5      | Found a staircase to the Ecumenical Temple.
  4455 | Temple   | Entered the Ecumenical Temple
  4496 | Temple   | Became a worshipper of Warmaster Okawaru
  4565 | D:5      | HP: 1/55 [something (6)]
  4590 | D:5      | Slain by a vampire

Vault maps used:
D:1:      zaba_arrival_water
D:3:      old_standard_altar, nicolae_overflow_crystal_walls,
          nrook_mini_backslash
D:4:      gup_sewer_entry_glass
D:5:      minmay_temple_entry_glass, first_bread, serial_shops,
          nicolae_shop_crystal, minmay_misc_feat_encased, grunt_ministairs_2
Temple:   dshaligram_water_room_temple
Sewer:    sewer_minmay_treatment

Skill      XL: |  1  2  3  4  5  6  7 |
---------------+----------------------+-----
Polearms       | 2 3 4 |  4.9
Armour         | 4 5 |  5.1
Fighting       | 4 |  4.9
Shields        | 4 |  4.8
Dodging        | |  0.4
Stealth        | |  0.2

Action                   |  1- 3 |  4- 6 |  7- 9 || total
-------------------------+-------+-------+-------++-------
Melee: Trident           |   161 |   295 |   143 ||   599
 Abil: Hop               |     2 |       |     2 ||     4
  Use: Scroll            |     5 |     5 |     3 ||    13
       Potion            |     3 |     2 |     3 ||     8
  Eat: Chunk             |     2 |     8 |     3 ||    13
       Royal jelly       |       |       |     1 ||     1
Armor: Scale mail        |    83 |    43 |       ||   126
       Plate armour      |       |   111 |   126 ||   237
Dodge: Dodged            |    51 |    64 |    29 ||   144
Block: Shield            |    70 |   149 |    98 ||   317
